 Dungeon Crawl Stone Soup version 0.29-a0-284-gf9362112df (webtiles) character file.

Game seed: 5379945983638308110

2013 Zonian the Chiller (level 9, -1/57 HPs)
             Began as a Demonspawn Ice Elementalist on Mar 19, 2022.
             Was a Believer of Dithmenos.
             Slain by an orc warrior
             ... wielding a +0 war axe
              (13 damage)
             ... in a bailey.
             The game lasted 00:20:41 (12744 turns).

Zonian the Chiller (Demonspawn Ice Elementalist)   Turns: 12744, Time: 00:20:44

Health: -1/57      AC: 10    Str: 10    XL:     9   Next: 2%
Magic:  15/17      EV: 19    Int: 20    God:    Dithmenos [**....]
Gold:   323        SH:  0    Dex: 13    Spells: 12/19 levels left

rFire   . . .      SeeInvis .   w - +1 dagger (protect)
rCold   . . .      Faith    .   (no shield)
rNeg    . . .      Spirit   .   a - +0 robe
rPois   .          Reflect  .   (helmet restricted)
rElec   .          Harm     .   (no cloak)
rCorr   .          Rampage  .   y - +0 pair of gloves
Will    .....                   (no boots)
Stlth   ++++......              g - amulet of magic regeneration
HPRegen 0.19/turn               (no ring)
MPRegen 0.55/turn               (no ring)

@: agile, under a protective aura, freezing walls, wreathed by umbra
A: horns 1, powered by pain 1, weakness stinger 1, demonic touch 2
a: Renounce Religion, Shadow Step


You were in a bailey.
You worshipped Dithmenos.
Dithmenos was pleased with you.
You visited 1 branch of the dungeon, and saw 7 of its levels.
You also visited: Bailey.

You collected 323 gold pieces.

Inventory:

Hand Weapons
 e - a +0 triple sword
 h - a +1 dagger
 w - a +1 dagger of protection (weapon)
Missiles
 m - 3 curare-tipped darts
 u - 17 poisoned darts
 x - 5 boomerangs
Armour
 a - a +0 robe (worn)
 y - a +0 pair of gloves (worn)
Magical Staves
 n - a staff of death
 v - a staff of earth
Jewellery
 g - an amulet of magic regeneration (around neck)
 s - an amulet of faith
Wands
 c - a wand of charming (5)
 p - a wand of polymorph (16)
 q - a wand of flame (16)
Scrolls
 d - a scroll of noise
Potions
 b - 2 potions of magic
 i - 2 potions of mutation
 j - a potion of flight
 k - 4 potions of curing
 l - a potion of haste
 o - a potion of brilliance {unknown}
 r - 2 potions of heal wounds {unknown}
 t - 2 potions of attraction


   Skills:
 + Level 5.6 Dodging
 + Level 6.1 Stealth
 + Level 5.6 Spellcasting
 + Level 6.5 Ice Magic


You had 12 spell levels left.
You knew the following spells:

 Your Spells              Type           Power      Damage    Failure   Level
a - Freeze                Ice            100%       1d11      1%          1
b - Frozen Ramparts       Ice            62%        1d8       2%          3
c - Ozocubu's Armour      Ice            31%        N/A       2%          3

Your spell library contained the following spells:

 Spells                   Type           Power      Damage    Failure   Level
 Hailstorm                Conj/Ice       18%        3d6       28%         4
 Tukima's Dance           Hex            5%         N/A       32%         3
 Airstrike                Air            2%         N/A       73%         4
 Passage of Golubria      Tloc           5%         N/A       73%         4
 Summon Lightning Spire   Summ/Air       5%         N/A       73%         4
 Fireball                 Conj/Fire      2%         3d4       97%         5
 Lightning Bolt           Conj/Air       2%         1d14      97%         5
 Yara's Violent Unravell  Hex/Tmut       2%         3d3       97%         5
 Starburst                Conj/Fire      2%         6d3       100%        6
 Ignition                 Fire           2%         3d3       100%        8


Dungeon Overview and Level Annotations

Branches:
Dungeon (7/15)             Temple (0/1) D:5          Bailey (1/1)

Altars:
Dithmenos
Vehumet

Annotations:
D:3 Sigmund


Innate Abilities, Weirdness & Mutations

You have a pair of small horns on your head.
You sometimes gain a little power by taking damage.
You have a small tail.
Your touch may inflict irresistible damage on your foes.


Message History

Increase (S)trength, (I)ntelligence, or (D)exterity?
You feel clever. x2
Unknown command.
Casting: Freeze (safe; 1% risk of failure)
Confirm with . or Enter, or press ? or * to list all spells.
Okay, then.
Unknown command.
The frozen ramparts melt away.
Unknown command.
You start resting.
An orc warrior comes into view. It is wielding a +0 war axe.
An orc warrior is nearby!
Unknown command.
Casting: Freeze (safe; 1% risk of failure)
Confirm with . or Enter, or press ? or * to list all spells.
Casting: Frozen Ramparts (dangerous; 2% risk of failure)
Press: ? - help, Dir - look around, f - activate This square is wreathed by an umbra.
The walls around you are covered in ice.
The orc warrior shouts!
The wall freezes the orc warrior.
The orc warrior closely misses you.
Unknown command.
You hit the orc warrior.
Your weapon exudes an aura of protection.
Your headbutt misses the orc warrior.
You tail-slap the orc warrior, but do no damage.
The orc warrior is lightly wounded.
The wall freezes the orc warrior.
The orc warrior hits you with a +0 war axe!
* * * LOW HITPOINT WARNING * * *
Casting: Frozen Ramparts (dangerous; 2% risk of failure)
Confirm with . or Enter, or press ? or * to list all spells.
Aiming: Freeze (safe; 1% risk of failure)
Press: ? - help, Shift-Dir - straight line, f - orc warrior
Aim: an orc warrior, wielding a +0 war axe (lightly wounded, umbra)
You freeze the orc warrior!
The orc warrior is heavily wounded.
The wall freezes the orc warrior.
The orc warrior hits you with a +0 war axe!
You die...

....o##
..o. .#
... .# #.
..o .# #.
#.# )#
#.##8##o#
#..#.#@.#
#....)..#
#.......#
#∩.....∩#
#.......#
##..∩..##
#######


You could see an orc warrior.

Vanquished Creatures
  Menkaure (D:5)
  A water moccasin (D:7)
  2 orc warriors (Bailey)
  A black bear (D:5)
  A sky beast (D:5)
  A centaur (D:6)
  A phantom (D:7)
  Blork the orc (D:5)
  2 necrophages
  2 bullfrogs (D:6)
  5 scorpions
  2 howler monkeys (D:7)
  5 hounds
  A jelly (D:7)
  2 orc priests
  2 iguanas
  Ijyb (D:4)
  2 orc wizards (D:4)
  11 adders
  A shadow imp (D:7)
  2 white imps (D:6)
  3 dart slugs
  18 orcs
  4 endoplasms
  6 giant cockroaches
  10 goblins
  5 hobgoblins
  3 jackals (D:4)
  9 quokkas
  5 ball pythons
  3 frilled lizards
  2 kobolds
  6 rats
121 creatures vanquished.

Vanquished Creatures (others)
  A plant (D:1)
1 creature vanquished.

Grand Total: 122 creatures vanquished

Notes
Turn   | Place    | Note
-------+----------+-------------------------------------------
     0 | D:1      | Zonian the Demonspawn Ice Elementalist began the quest for
                  | the Orb.
     0 | D:1      | Reached XP level 1. HP: 13/13 MP: 3/3
  1057 | D:1      | Discovered your monstrous ancestry.
  1057 | D:1      | Gained mutation: Your touch may inflict minor irresistible
                  | damage on your foes. [demonic ancestry]
  1057 | D:1      | Reached XP level 2. HP: 17/19 MP: 1/5
  1369 | D:1      | Found a faded altar of an unknown god.
  1431 | D:1      | Prayed at the altar of an unknown god.
  1431 | D:1      | Became a worshipper of Dithmenos the Shadowed
  1431 | D:1      | Reached * piety under Dithmenos
  2515 | D:2      | Gained mutation: You sometimes gain a little power by
                  | taking damage. [demonic ancestry]
  2515 | D:2      | Reached XP level 3. HP: 23/24 MP: 4/6
  3503 | D:3      | Noticed Sigmund
  3707 | D:3      | Reached XP level 4. HP: 20/30 MP: 4/7
  4647 | D:4      | Reached XP level 5. HP: 14/35 MP: 5/9
  4651 | D:4      | Reached ** piety under Dithmenos
  5608 | D:4      | Noticed Ijyb
  5622 | D:3      | Learned a level 3 spell: Frozen Ramparts
  5626 | D:3      | Learned a level 3 spell: Ozocubu's Armour
  5978 | D:4      | Killed Ijyb
  6357 | D:4      | Found a radiant altar of Vehumet.
  6529 | D:5      | Entered Level 5 of the Dungeon
  6803 | D:5      | Gained mutation: You have a small tail. [demonic ancestry]
  6803 | D:5      | Reached XP level 6. HP: 31/41 MP: 7/10
  7952 | D:5      | Gained mutation: Your touch may inflict irresistible damage
                  | on your foes. [demonic ancestry]
  7952 | D:5      | Reached XP level 7. HP: 46/46 MP: 10/12
  8066 | D:5      | Noticed Menkaure
  8081 | D:5      | Reached skill level 5 in Ice Magic
  8407 | D:5      | Found a staircase to the Ecumenical Temple.
  8424 | D:5      | Noticed a wraith
  8685 | D:5      | Noticed Blork the orc
  8694 | D:5      | Killed Blork the orc
  9484 | D:5      | Killed Menkaure
 10319 | D:6      | Gained mutation: You have a pair of small horns on your
                  | head. [demonic ancestry]
 10319 | D:6      | Reached XP level 8. HP: 39/52 MP: 12/14
 10396 | D:6      | Reached skill level 5 in Stealth
 11411 | D:6      | Reached skill level 5 in Dodging
 11411 | D:6      | Reached skill level 5 in Spellcasting
 12652 | D:7      | Found a flagged portal.
 12718 | Bailey   | Entered a bailey
 12735 | Bailey   | Reached XP level 9. HP: 20/57 MP: 15/17
 12744 | Bailey   | Slain by an orc warrior

Illustrated notes

Levels and vault maps discovered:
D:1:      minmay_arrival_three_doors, layout_loops_ring, serial_forest,
          infiniplex_forest_lined_room_, infiniplex_forest_lined_4_way,
          infiniplex_forest_3_way, infiniplex_forest_zigzag_1,
          infiniplex_forest_diagonal, infiniplex_forest_clump_double,
          infiniplex_forest_clump_C, infiniplex_forest_straight_2,
          infiniplex_forest_join, infiniplex_forest_end_2,
          shapermc_ecumenical_altar_venn
D:2:      layout_loops_corners, minmay_worlds_worst_comb
D:3:      layout_basic, uniq_sigmund
D:4:      layout_loops_ring, mainiacjoe_overflow_alcove_1, uniq_ijyb
D:5:      layout_cave_pods, temple_green, uniq_menkaure, uniq_blork_the_orc
D:6:      layout_loops_ring
D:7:      layout_basic, enter_bailey_3
Bailey:   bailey_polearm_5, bailey

Skill      XL: |  1  2  3  4  5  6  7  8 |
---------------+-------------------------+-----
Stealth        | 2 3 4 6 |  6.1
Dodging        | 2 3 4 5 |  5.6
Ice Magic      | 4 5 6 |  6.5
Spellcasting   | 3 4 5 |  5.6

Action                   |  1- 3 |  4- 6 |  7- 9 || total
-------------------------+-------+-------+-------++-------
Melee: Unarmed           |     7 |       |       ||     7
       Dagger            |    29 |    76 |   118 ||   223
       Touch             |     4 |     8 |    18 ||    30
       Punch             |     1 |     2 |     3 ||     6
       Tailslap          |       |     6 |    16 ||    22
       Headbutt          |       |       |    18 ||    18
 Cast: Freeze            |    44 |    53 |    37 ||   134
       Frozen Ramparts   |       |     5 |     8 ||    13
       Ozocubu's Armour  |       |       |     2 ||     2
Evoke: Wand              |       |     6 |     6 ||    12
  Use: Scroll            |     3 |     5 |     4 ||    12
       Potion            |       |     1 |     1 ||     2
 Stab: Sleeping          |     4 |     6 |     3 ||    13
Armor: Robe              |     6 |    19 |    41 ||    66
Dodge: Dodged            |    36 |    71 |   122 ||   229

Table legend: (Time is in decaauts)
 A = Elapsed time spent in this place.
 B = Non-inter-level travel time spent in this place.
 C = Inter-level travel time spent in this place.
 D = Time resting spent in this place.
 E = Time spent auto-exploring this place.
 F = Levels seen in this place.
 G = Mean time per level.
                   A        B        C        D        E       F      G
               +--------+--------+--------+--------+--------+-----+--------+
         Total |  12732 |  12562 |    170 |   6738 |   3889 |   8 | 1591.5 |
       Dungeon |  12706 |  12536 |    170 |   6735 |   3889 |   7 | 1815.1 |
        Bailey |     25 |     25 |      0 |      3 |      0 |   1 |   25.0 |
               +--------+--------+--------+--------+--------+-----+--------+

Top non-repeatable levels by time:
     D:5: 3617 daAuts
     D:4: 2400 daAuts
     D:1: 2134 daAuts
     D:6: 1671 daAuts
     D:3: 1342 daAuts
     D:2: 1283 daAuts
     D:7: 256 daAuts
  Bailey: 25 daAuts
